 Dungeon Crawl Stone Soup version 0.31.0-9-g3a7656b989 (webtiles) character file.

Game seed: 7256726741675127120

345 qw the Ducker (level 6, -2/30 HPs)
             Began as a Spriggan Hunter on Feb 3, 2024.
             Constricted to death by Ijyb (6 damage)
             ... on level 3 of the Dungeon.
             The game lasted 00:00:09 (1744 turns).

qw the Ducker (Spriggan Hunter)                     Turns: 1744, Time: 00:00:09

Health: -2/30      AC:  2    Str:  7    XL:     6   Next: 32%
Magic:  7/7        EV: 19    Int: 10    God:
Gold:   113        SH:  0    Dex: 21    Spells: 5/5 levels left

rFire   + . .        a - +0 shortbow
rCold   . . .        (shield currently unavailable)
rNeg    . . .        c - +0 robe
rPois   .            (helmet restricted)
rElec   .            (no cloak)
rCorr   +            (gloves unavailable)
SInv    +            (boots unavailable)
Will    +....        (no amulet)
Stlth   ++           d - ring of protection from fire
HPRegen 0.25/turn    f - ring of resist corrosion
MPRegen 0.10/turn

%: no passive effects
@: grasped by roots, constricted, very quick
A: very small, no large weapons, unfitting armour, see invisible, speed 3
a: no special abilities


You were on level 3 of the Dungeon.
You visited 1 branch of the dungeon, and saw 3 of its levels.

You collected 113 gold pieces.


Innate Abilities, Weirdness & Mutations

You are very small and have problems with some larger weapons.
You are too small for most types of armour.
You have supernaturally acute eyesight. (SInv)
You cover ground extremely quickly. (Speed+++)


   Skills:
 - Level 2.0 Fighting
 + Level 5.8 Ranged Weapons
 - Level 6.7 Dodging
 - Level 1.5 Stealth


You had 5 spell levels left.
You didn't know any spells.
Your spell library was empty.

Inventory:

Hand Weapons
 a - a +0 shortbow (weapon)
Armour
 c - a +0 robe (worn)
Jewellery
 b - a ring of resist corrosion
 d - a ring of protection from fire (left hand)
 f - a ring of resist corrosion (right hand)
Scrolls
 g - a scroll of identify {unknown}
 m - a scroll of teleportation {unknown}
Potions
 e - 2 potions of curing
 h - a potion of might {unknown}
 i - a potion of resistance {unknown}
 j - a potion of haste {unknown}
 k - a potion of lignification {unknown}
 l - a potion of heal wounds {unknown}

Dungeon Overview and Level Annotations

Branches:
Dungeon (3/15)

Altars:

Annotations:
D:3 Ijyb


Message History

The grasping roots constrict you.
You shoot an arrow. The arrow hits Ijyb but does no damage.
The grasping roots constrict you.
You shoot an arrow. The arrow barely misses Ijyb.
The grasping roots constrict you.
The grasping roots release their grip on you.
You shoot an arrow. The arrow hits Ijyb but does no damage.
Ijyb completely misses you.
You shoot an arrow. The arrow closely misses Ijyb.
Ijyb zaps a wand.
The roots erupt in riotous growth!
The grasping roots grab you!
Ijyb is unaffected.
The grasping roots constrict you.
You hear an angry hiss.
You shoot an arrow. The arrow hits Ijyb but does no damage.
Ijyb misses you. The grasping roots constrict you. Ijyb closely misses you.
The grasping roots constrict you.
The grasping roots release their grip on you.
You shoot an arrow. The arrow closely misses Ijyb.
Ijyb barely misses you.
You shoot an arrow. The arrow hits Ijyb!
Ijyb is moderately wounded.
Ijyb closely misses you.
You shoot an arrow. The arrow misses Ijyb.
An adder comes into view.
Ijyb closely misses you.
You shoot an arrow. The arrow hits Ijyb but does no damage.
Ijyb is moderately wounded.
Ijyb closely misses you.
You shoot an arrow. The arrow barely misses Ijyb.
The arrow closely misses the adder.
Ijyb completely misses you.
You shoot an arrow. The arrow hits Ijyb.
Ijyb is severely wounded.
Ijyb closely misses you.
You shoot an arrow. The arrow hits Ijyb.
Ijyb is almost dead.
Ijyb zaps a wand.
The roots erupt in riotous growth!
The grasping roots grab you!
Ijyb is unaffected.
The grasping roots constrict you.
You die...

..........
..........
..........
.........
P.P7##....
......... 7~P
#.... ........
~~77 #.... ......
77~P7 77...
..S#77777P~777
77..
#g#7P7P7~~.P777...
#@..~~..~.~~~~~..#
###P777P~~.7P7PP.#
#77 77P~~7 777.#
77~.77#...#
7P~777..###
7P~P7#.## 77.~7..#
#....## ######


You could see Ijyb and an adder.

Vanquished Creatures
  Sigmund (D:2)
  3 orc wizards (D:3)
  4 adders
  4 dart slugs
  A ribbon worm (D:2)
  7 orcs
  7 endoplasms
  3 giant cockroaches
  6 goblins
  6 hobgoblins
  5 jackals (D:1)
  A quokka (D:1)
  5 ball pythons
  7 bats
  A frilled lizard (D:1)
  3 kobolds (D:1)
  8 rats
72 creatures vanquished.

Notes
Turn   | Place    | Note
-------+----------+-------------------------------------------
     0 | D:1      | qw the Spriggan Hunter began the quest for the Orb.
     0 | D:1      | Reached XP level 1. HP: 10/10 MP: 2/2
     0 | D:1      | 0 ||| qw: Version: 0.3-a-155-g5e7d8dd
     0 | D:1      | 0 ||| qw: Game counter: 2902
     0 | D:1      | 0 ||| qw: Melee chars always use a shield: true
     0 | D:1      | 0 ||| qw: God list: Okawaru
     0 | D:1      | 0 ||| qw: Allow faded altars: false
     0 | D:1      | 0 ||| qw: Do Orc after clearing Dungeon:15 true
     0 | D:1      | 0 ||| qw: Do second Lair branch before Depths: true
     0 | D:1      | 0 ||| qw: Lair rune preference: random
     0 | D:1      | 0 ||| qw: Goals: Normal
     0 | D:1      | 0 ||| PLANNING D:1-11
    26 | D:1      | Reached skill level 3 in Dodging
    35 | D:1      | Reached XP level 2. HP: 14/14 MP: 3/3
    41 | D:1      | Reached skill level 4 in Dodging
   117 | D:1      | HP: 3/14 [quokka (4)]
   343 | D:1      | Reached XP level 3. HP: 14/18 MP: 4/4
   543 | D:1      | 543 ||| UPGRADING to ring of protection from fire.
   544 | D:1      | 544 ||| UPGRADING to ring of resist corrosion.
   545 | D:1      | 545 ||| READING scroll labelled ROUTISKOUK.
   546 | D:1      | 546 ||| DROPPING scroll of butterflies.
   570 | D:2      | 570 ||| STAIRDANCE
   598 | D:2      | 598 ||| STAIRDANCE
   862 | D:2      | Noticed Sigmund
   867 | D:2      | 867 ||| DRINKING amethyst potion.
   881 | D:2      | Killed Sigmund
   882 | D:2      | Reached skill level 6 in Dodging
   882 | D:2      | Reached XP level 4. HP: 17/22 MP: 5/5
   882 | D:2      | Reached XP level 5. HP: 19/25 MP: 6/6
  1263 | D:2      | 1263 ||| READING scroll labelled YLYRAR KIUCS.
  1264 | D:2      | 1264 ||| READING scroll labelled JAOBIN ENNA.
  1382 | D:3      | 1382 ||| FLEEEEING.
  1383 | D:3      | 1383 ||| FLEEEEING.
  1384 | D:3      | 1384 ||| FLEEEEING.
  1385 | D:3      | 1385 ||| FLEEEEING.
  1386 | D:3      | 1386 ||| FLEEEEING.
  1388 | D:3      | 1388 ||| FLEEEEING.
  1389 | D:3      | 1389 ||| FLEEEEING.
  1391 | D:3      | 1391 ||| FLEEEEING.
  1392 | D:3      | 1392 ||| FLEEEEING.
  1395 | D:3      | 1395 ||| FLEEEEING.
  1397 | D:3      | 1397 ||| FLEEEEING.
  1398 | D:3      | 1398 ||| FLEEEEING.
  1399 | D:3      | 1399 ||| FLEEEEING.
  1400 | D:3      | 1400 ||| FLEEEEING.
  1445 | D:3      | Reached XP level 6. HP: 30/30 MP: 7/7
  1542 | D:3      | 1542 ||| FLEEEEING.
  1731 | D:3      | Noticed Ijyb
  1737 | D:3      | HP: 2/30 [constriction (6)]
  1744 | D:3      | Constricted to death by Ijyb

Levels and vault maps discovered:
D:1:      nzn_arrival_crosshair, layout_rooms
D:2:      layout_basic, uniq_sigmund
D:3:      layout_basic, regret_index_temple_of_mockery, serial_bayou_crossing,
          uniq_crazy_yiuf_cottage, uniq_ijyb

Skill      XL: |  1  2  3  4  5 |
---------------+----------------+-----
Dodging        | 3 4 6 |  6.7
Ranged Weapons | 5 |  5.8
Fighting       | 2 |  2.0
Stealth        | |  1.5

Action                     |  1- 3 |  4- 6 || total
---------------------------+-------+-------++-------
   Fire: Shortbow          |   114 |    92 ||   206
    Use: Scroll            |     1 |     2 ||     3
         Potion            |     1 |       ||     1
 Armour: Robe              |    20 |    10 ||    30
  Dodge: Dodged            |    55 |    45 ||   100

Table legend:
 A = Non-vault XP
 B = Vault XP
 C = Vault XP percentage of total XP
 D = Non-vault monster count
 E = Vault monster count
 F = Vault count percentage of total count
                 A         B        C        D         E       F
            +---------+---------+-------+---------+---------+-------
      Total |     283 |     210 |  42.6 |      71 |       1 |   1.4
            +---------+---------+-------+---------+---------+-------
        D:1 |      52 |       0 |   0.0 |      29 |       0 |   0.0
        D:2 |      69 |     210 |  75.3 |      23 |       1 |   4.2
        D:3 |     162 |       0 |   0.0 |      19 |       0 |   0.0
            +---------+---------+-------+---------+---------+-------
